cohdb
Replays
Latest Replays
All Replays
Popular Replays
Top Player Replays
Match Explorer
How It Works
Community
CoH3 Stats
Reddit
Sign in to upload your games and track your stats! →
Sign in with Steam
Match 42570620
Unlisted
Match 42570620
Overview
Messages
Build Orders
End
Panzerpioneer Squad
Kradschützen Motorcycle Team
Selects Italian Infantry
Panzerpioneer Squad
Panzerpioneer Squad
Construct Light Support Kompanie
2.5-tonne Medical Truck
Selects Guastatori Squad
Selects L6/40 Light Tank Combat Group
Guastatori Squad
Panzerjäger Mechanized Group
L6/40 Light Tank Combat Group
Fire Support Elements
iceman
phenix
Alan
qxu4269
kongkang
ukins
0
0
Comments
sign in to comment!
No comments posted yet!